 Dungeon Crawl Stone Soup version 0.29-a0-334-gb41bcbb86e (webtiles) character file.

Game seed: 3537946444163766236

506 Lynx22330 the Cudgeller (level 6, -1/51 HPs)
             Began as a Palentonga Wanderer on Apr 13, 2022.
             Was a Priest of Jiyva.
             Slain by Duvessa
             ... wielding a +0 short sword
              (8 damage)
             ... on level 4 of the Dungeon.
             The game lasted 00:14:20 (3694 turns).

Lynx22330 the Cudgeller (Palentonga Wanderer)       Turns: 3694, Time: 00:14:21

Health: -1/51      AC:  7    Str: 20    XL:     6   Next: 97%
Magic:  6/6        EV:  5    Int:  9    God:    Jiyva [***...]
Gold:   108        SH:  0    Dex: 10    Spells: 5/5 levels left

rFire   . . .      SeeInvis +   a - +4 mace
rCold   . . .      Faith    .   (no shield)
rNeg    . . .      Spirit   .   i - +0 chain mail
rPois   .          Reflect  .   (no helmet)
rElec   .          Harm     .   (no cloak)
rCorr   +          Rampage  .   (no gloves)
Will    .....                   (no barding)
Stlth   ..........              (no amulet)
HPRegen 1.29/turn               (no ring)
MPRegen 0.45/turn               (no ring)

@: invisible
A: large, rugged brown scales 3, see invisible, deformed body, roll 1, armoured
tail, talons 1, pseudopods 3
a: Rolling Charge, Renounce Religion, Oozemancy


You were on level 4 of the Dungeon.
You worshipped Jiyva.
Jiyva was most pleased with you.
You visited 1 branch of the dungeon, and saw 4 of its levels.

You collected 108 gold pieces.

Inventory:

Hand Weapons
 a - a +4 mace (weapon)
 b - a +0 short sword
Armour
 i - a +0 chain mail (worn)
Wands
 e - a wand of polymorph (9)
 m - a wand of charming (2)
Scrolls
 h - 3 scrolls of teleportation
 l - a scroll of fog
 q - a scroll of brand weapon {unknown}
Potions
 d - a potion of invisibility
 f - 3 potions of flight
 g - a potion of haste {unknown}
 j - 2 potions of attraction {unknown}
 k - a potion of ambrosia {unknown}
 n - a potion of curing {unknown}
 p - a potion of lignification {unknown}
 r - a potion of berserk rage {unknown}
Miscellaneous
 c - a piece from Xom's chessboard (15/15)


   Skills:
 * Level 4.2 Fighting
 + Level 3.5 Short Blades
 * Level 6.6 Maces & Flails
 + Level 3.1 Evocations


You had 5 spell levels left.
You didn't know any spells.
Your spell library contained the following spells:

 Spells                   Type           Power      Damage    Failure   Level
 Corpse Rot               Necr/Air       0%         N/A       100%        2
 Poisonous Vapours        Pois/Air       0%         N/A       100%        2
 Static Discharge         Conj/Air       0%         N/A       100%        2
 Summon Guardian Golem    Hex/Summ       0%         N/A       100%        3
 Lightning Bolt           Conj/Air       0%         1d11      100%        5
 Orb of Destruction       Conj           0%         9d5       100%        7
 Spellforged Servitor     Conj/Summ      0%         N/A       100%        7
 Maxwell's Capacitive Co  Air            0%         ∞         100%        8


Dungeon Overview and Level Annotations

Branches:
Dungeon (4/15)
 Temple: D:4-7

Altars:
Nemelex Xobeh
Qazlal
Sif Muna
Jiyva

Annotations:
D:4 Duvessa


Innate Abilities, Weirdness & Mutations

You are completely covered in rugged brown scales. (AC +3, +7% HP)
You have supernaturally acute eyesight. (SInv)
Armour fits poorly on your strangely shaped body.
You can roll at nearby foes to attack.
You have a long armoured tail.
You have sharp toenails.
Armour fits poorly on your massive pseudopods.


Message History

You roll forward with a clatter of scales!
You hit Ijyb but do no damage. Your bludgeon misses Ijyb.
Ijyb is heavily wounded.
You hear a shout!
Ijyb hits you but does no damage.
You closely miss Ijyb.
Ijyb is heavily wounded.
Ijyb zaps a wand.
Your will is overpowered!
You are confused.
Ijyb zaps a wand.
You resist with some effort.
You're too confused to move!
Ijyb hits you but does no damage.
You sock Ijyb! Your kick misses Ijyb. You tail-slap Ijyb.
Ijyb is almost dead.
Ijyb zaps a wand.
You resist with some effort.
You hit Ijyb.
You kill Ijyb!
Duvessa goes berserk!
Things that are here:
a +0 club; a +0 chain mail; a wand of charming (2)
m - a wand of charming (2)
You feel less confused.
Roll where?
Press: ? - help, Dir - move target, f - Duvessa
Aim: Duvessa, wielding a +0 short sword and wearing a +0 scale mail (lightly wounded, berserk)
You roll forward with a clatter of scales!
You hit Duvessa.
You tail-slap Duvessa, but do no damage.
Duvessa is lightly wounded.
Duvessa completely misses you. Duvessa hits you with a +0 short sword!
You sock Duvessa!
Your tail-slap misses Duvessa.
Duvessa is lightly wounded.
Duvessa hits you with a +0 short sword! x2
Duvessa attacks as you move away! Duvessa hits you but does no damage.
You fade into invisibility!
Duvessa barely misses you. Duvessa hits you with a +0 short sword!
* * * LOW HITPOINT WARNING * * *
Things that are here:
a +0 club; a +0 chain mail Duvessa hits you with a +0 short sword!
You die...

#........# ##.#
#.. #§§§§..
#........# #.##
#..# ##§§###
#........# #..#
...# #§##
########## ##.#
#..# ##§# #.##
#..# #§§#
#..###..####.##
#...........e#
#.e.#..###.###
#@#.#..# #.#
#.#....# #.#
..##...# #$#
#####.......#
##..##### ..#
..# #.# .#


You could see Duvessa (berserk, can't see you).

Vanquished Creatures
  Grinder (D:4)
  Dowan (D:4)
  The ghost of sirJeffrey23 the Skirmisher, a weakling DsMo (D:3)
  A hound (D:4)
  An orc priest (D:3)
  Ijyb (D:4)
  An iguana (D:4)
  2 orc wizards
  4 adders
  2 worms
  5 orcs
  2 ball pythons
  5 bats
  An endoplasm (D:2)
  A giant cockroach (D:3)
  3 goblins
  3 hobgoblins
  2 jackals (D:1)
  6 kobolds
  3 frilled lizards
  6 rats
52 creatures vanquished.

Vanquished Creatures (others)
  3 jellies (D:4)
  3 adders
  2 orcs (D:4)
  2 ball pythons
  2 endoplasms (D:4)
  2 giant cockroaches (D:2)
  2 goblins
  2 rats
  2 demonic plants (D:2)
20 creatures vanquished.

Grand Total: 72 creatures vanquished

Notes
Turn   | Place    | Note
-------+----------+-------------------------------------------
     0 | D:1      | Lynx22330 the Palentonga Wanderer began the quest for the
                  | Orb.
     0 | D:1      | Lynx22330 set off with the following items: a +2 mace, a +0
                  | short sword, a piece from Xom's chessboard (15/15), a
                  | potion of invisibility, a +0 leather armour
     0 | D:1      | Reached XP level 1. HP: 16/16 MP: 1/1
   513 | D:1      | Reached XP level 2. HP: 22/22 MP: 2/2
   899 | D:2      | Reached XP level 3. HP: 22/28 MP: 3/3
  1063 | D:2      | Found a faded altar of an unknown god.
  1063 | D:2      | Noticed a rust devil
  1107 | D:2      | Prayed at the altar of an unknown god.
  1107 | D:2      | Became a worshipper of Jiyva Jatz the Shapeless
  1107 | D:2      | Reached * piety under Jiyva
  1278 | D:2      | Found a stormy altar of Qazlal.
  1314 | D:2      | Reached ** piety under Jiyva
  2592 | D:3      | Reached XP level 4. HP: 32/36 MP: 4/4
  2665 | D:3      | Found a runed translucent gate.
  2666 | D:3      | Found a runed translucent gate.
  2667 | D:3      | Found a runed translucent gate.
  2668 | D:3      | Noticed sirJeffrey23's ghost (weakling DsMo)
  2717 | D:3      | Reached *** piety under Jiyva
  2952 | D:3      | Gained mutation: Armour fits poorly on your pseudopods.
                  | [Jiyva's grace]
  2952 | D:3      | Gained mutation: Armour fits poorly on your large
                  | pseudopods. [Jiyva's grace]
  2952 | D:3      | Gained mutation: Armour fits poorly on your massive
                  | pseudopods. [Jiyva's grace]
  2952 | D:3      | Gained mutation: You have sharp toenails. [Jiyva's grace]
  3210 | D:3      | Killed sirJeffrey23's ghost
  3211 | D:3      | Reached XP level 5. HP: 35/43 MP: 5/5
  3355 | D:4      | Reached skill level 6 in Maces & Flails
  3373 | D:4      | Found a shimmering blue altar of Sif Muna.
  3373 | D:4      | Found a sparkling altar of Nemelex Xobeh.
  3397 | D:4      | Noticed Duvessa
  3398 | D:4      | Noticed Dowan
  3450 | D:4      | Killed Dowan
  3451 | D:4      | Reached XP level 6. HP: 48/50 MP: 6/6
  3592 | D:4      | Noticed Grinder
  3594 | D:4      | Killed Grinder
  3678 | D:4      | Noticed Ijyb
  3686 | D:4      | Killed Ijyb
  3694 | D:4      | Slain by Duvessa

Illustrated notes

Levels and vault maps discovered:
D:1:      wander_arrival_abandoned_jail, layout_basic,
          chequers_serial_rivers_micro_c, chequers_serial_rivers_large_a
D:2:      layout_rooms, serial_co_window_serial, co_window_of_opportunity_a,
          co_window_of_opportunity_a, co_window_corner_a,
          co_window_of_opportunity_a, co_window_paths_a,
          co_window_unsneaky_path_e, co_window_unsneaky_path_a,
          co_window_broadway_b, co_window_cross_2, co_window_corner_b,
          co_window_cross_3, co_window_broadway_a, glass_columns_a,
          glass_columns_b, dreamdust_ecumenical_altar_sealed_demon, basic_altar,
          hangedman_decor_riveting
D:3:      layout_basic, gammafunk_ghost_split, serial_park_tiny_1, minmay_puff
D:4:      layout_basic, jmf_multi_god_temple, uniq_grinder, uniq_duvessa,
          uniq_ijyb

Skill      XL: |  1  2  3  4  5  6 |
---------------+-------------------+-----
Evocations     | 2 3 |  3.1
Fighting       | 2 3 4 |  4.2
Maces & Flails | 6 |  6.6
Short Blades   | 3 |  3.5

Action                   |  1- 3 |  4- 6 || total
-------------------------+-------+-------++-------
Melee: Mace              |    56 |    77 ||   133
       Tailslap          |     6 |     6 ||    12
       Kick              |       |     9 ||     9
       Pseudopods        |       |     4 ||     4
 Abil: Rolling Charge    |    19 |    17 ||    36
Evoke: Piece from Xom's  |     1 |       ||     1
  Use: Scroll            |     6 |     5 ||    11
       Potion            |       |     3 ||     3
Armor: Chain mail        |    27 |    50 ||    77
       Leather armour    |     2 |       ||     2
Dodge: Dodged            |    11 |    30 ||    41

Table legend: (Time is in decaauts)
 A = Elapsed time spent in this place.
 B = Non-inter-level travel time spent in this place.
 C = Inter-level travel time spent in this place.
 D = Time resting spent in this place.
 E = Time spent auto-exploring this place.
 F = Levels seen in this place.
 G = Mean time per level.
                   A        B        C        D        E       F      G
               +--------+--------+--------+--------+--------+-----+--------+
         Total |   3714 |   3615 |     99 |    621 |   2485 |   4 |  928.5 |
       Dungeon |   3714 |   3615 |     99 |    621 |   2485 |   4 |  928.5 |
               +--------+--------+--------+--------+--------+-----+--------+

Top non-repeatable levels by time:
     D:2: 1633 daAuts
     D:1: 897 daAuts
     D:3: 731 daAuts
     D:4: 451 daAuts
